 Dungeon Crawl Stone Soup version 0.29-b1-12-g9e2288ab2a (webtiles) character file.

Game seed: 17014943379176781341

6751 Iusername the Basher (level 10, 0/90 HPs)
             Began as a Minotaur Fighter on Aug 23, 2022.
             Was a Believer of Dithmenos.
             Slain by a fire dragon (3 damage)
             ... on level 9 of the Dungeon.
             The game lasted 00:22:53 (14932 turns).

Iusername the Basher (Minotaur Fighter)            Turns: 14932, Time: 00:23:01

Health: 0/90       AC: 12    Str: 24 (27) XL:     10   Next: 75%
Magic:  0/9        EV: 12    Int:  6      God:    Dithmenos [**....]
Gold:   539        SH:  6    Dex: 14 (15) Spells: 9/9 levels left

rFire   . . .      SeeInvis .   y - +4 flail (venom)
rCold   . . .      Faith    .   c - +0 buckler
rNeg    . . .      Spirit   +   b - +0 scale mail
rPois   .          Reflect  .   (helmet restricted)
rElec   .          Harm     .   v - +2 cloak
rCorr   .          Rampage  .   (no gloves)
Will    .....                   (no boots)
Stlth   +.........              n - amulet of guardian spirit
HPRegen 0.25/turn               l - +6 ring of strength
MPRegen 0.11/turn               D - ring of flight

@: flying, wreathed by umbra
A: horns 2, retaliatory headbutt, agile 1, inability to drink after injury 1
a: Renounce Religion, Shadow Step


You were on level 9 of the Dungeon.
You worshipped Dithmenos.
Dithmenos was pleased with you.
You visited 2 branches of the dungeon, and saw 10 of its levels.

You collected 814 gold pieces.
You spent 275 gold pieces at shops.

Inventory:

Hand Weapons
 r - a -2 demon whip of venom
 y - a +4 flail of venom (weapon)
 I - a +3 glaive of holy wrath
Missiles
 C - 3 javelins
 L - 6 throwing nets
Armour
 b - a +0 scale mail (worn)
 c - a +0 buckler (worn)
 v - a +2 cloak (worn)
Jewellery
 g - a ring of wizardry
 l - a +6 ring of strength (left hand)
 n - an amulet of guardian spirit (around neck)
 D - a ring of flight (right hand)
 F - a ring of protection from cold
Wands
 B - a wand of charming (4)
 M - a wand of mindburst (15)
Scrolls
 a - a scroll of poison {unknown}
 d - 2 scrolls of teleportation
 h - 3 scrolls of torment
 i - 3 scrolls of blinking
 m - a scroll of brand weapon
 p - 2 scrolls of enchant weapon {unknown}
 q - 2 scrolls of fear {unknown}
 z - 6 scrolls of noise
 A - a scroll of immolation {unknown}
 G - 3 scrolls of magic mapping {unknown}
 H - 2 scrolls of vulnerability {unknown}
 K - a scroll of silence {unknown}
 N - a scroll of acquirement {unknown}
Potions
 e - a potion of mutation
 f - a potion of resistance
 j - 2 potions of lignification
 k - a potion of magic
 o - 5 potions of ambrosia
 t - 2 potions of brilliance
 w - 3 potions of flight


   Skills:
 + Level 8.4 Fighting
 + Level 10.9 Maces & Flails
 + Level 4.9 Polearms
 + Level 1.5 Throwing
 + Level 10.5 Armour
 + Level 4.7 Dodging
 + Level 2.6 Stealth
 + Level 7.7 Shields
 + Level 0.7 Evocations


You had 9 spell levels left.
You didn't know any spells.
Your spell library contained the following spells:

 Spells                   Type           Power      Damage    Failure   Level
 Foxfire                  Conj/Fire      0%         2x1d4     78%         1
 Conjure Flame            Conj/Fire      0%         6-21      98%         3
 Inner Flame              Hex/Fire       0%         N/A       98%         3
 Flame Wave               Conj/Fire      0%         2d4       100%        4


Dungeon Overview and Level Annotations

Branches:
Dungeon (9/15)             Temple (1/1) D:6            Lair (0/5) D:8
    Orc: D:9-12

Altars:
Ashenzari
Cheibriados
Dithmenos
Elyvilon
Fedhas
Gozag
Hepliaklqana
Kikubaaqudgha
Makhleb
Nemelex Xobeh
Okawaru
Qazlal
Ru
Sif Muna
Trog
Uskayaw
Vehumet
Wu Jian
Xom
Yredelemnul
Zin
The Shining One

Shops:
D:6 (   D:7 :(

Portals:
Abyss: D:6

Annotations:
D:6 2 transporters, Qoitotus's ghost, novice NaFi
D:8 3 runed translucent doors, Tyegef's ghost, novice DECj
Temple 2 transporters


Innate Abilities, Weirdness & Mutations

You have a pair of horns on your head.
You reflexively headbutt those who attack you in melee.
You are agile. (Dex +4, Str/Int -1)
You occasionally lose the ability to drink potions when taking damage.


Message History

A fire dragon comes into view.
Found 24 gold pieces.
The fire dragon roars deafeningly!
The fire dragon breathes flames at you. The blast of flame hits you!!
Found 15 gold pieces and a scroll of teleportation.
Found 17 gold pieces.
You closely miss the fire dragon. You headbutt the fire dragon.
The fire dragon is lightly wounded.
You sock the fire dragon!
The fire dragon is poisoned.
The fire dragon is lightly wounded.
The fire dragon bites you but does no damage.
The fire dragon claws you but does no damage.
The fire dragon tramples you but does no damage.
You sock the fire dragon! You headbutt the fire dragon.
The fire dragon is moderately wounded.
The fire dragon bites you!
The fire dragon claws you but does no damage.
The fire dragon tramples you but does no damage.
You sock the fire dragon! You headbutt the fire dragon.
The fire dragon is heavily wounded.
The fire dragon barely misses you. x2; The fire dragon closely misses you.
You barely miss the fire dragon. You headbutt the fire dragon.
The fire dragon is heavily wounded.
You block the fire dragon's attack.
The fire dragon claws you but does no damage.
The fire dragon tramples you but does no damage.
You sock the fire dragon!
The fire dragon is severely wounded.
The fire dragon breathes flames at you. The blast of flame hits you!!!
Ouch! That really hurt!
* * * LOW HITPOINT WARNING * * *
It was a potion of mutation.
You feel extremely strange.
You occasionally lose the ability to drink potions when taking damage.
You feel agile. The fire dragon bites you.
* * * LOW HITPOINT WARNING * * *
The fire dragon claws you.
You die...

##.#
#..#....
#..#
#..#####
##..##
#..[....
##....##
#.......
#......#
###.....
##......#
#.......
#.......##
#.......
#......^.#
#.......
#≈≈.@....#
#.......
#≈≈≈D....#
#.......
#≈≈≈≈§..≈#
#.......
#≈.§§§≈§§#
###.....
#...§§≈§§#
##..###
#..§≈≈≈§≈#
....###
#..$$≈§###
#.......
#.?$$≈##
########


You could see a fire dragon (very poisoned, catching breath).

Vanquished Creatures
  Harold (D:9)
  Amaemon (D:9)
  An orange demon (D:9)
  Maggie (D:9)
  A hornet (D:9)
  Prince Ribbit (D:8)
  6 yaks (D:9)
  2 wraiths
  Menkaure (D:5)
  A sky beast (D:6)
  2 ice beasts
  4 orc warriors
  A black bear (D:8)
  2 centaurs
  A phantom (D:6)
  A kobold brigand (D:9)
  6 bullfrogs
  A necrophage (D:5)
  5 scorpions
  6 wights
  6 killer bees (D:6)
  3 howler monkeys (D:7)
  A jelly (D:7)
  5 hounds
  2 gnoll boudas (D:7)
  4 orc priests
  Terence (D:3)
  2 iguanas
  5 orc wizards
  Robin (D:3)
  8 adders
  13 gnolls
  A shadow imp (D:8)
  A white imp (D:8)
  An ufetubus (D:7)
  A worm (D:5)
  4 dart slugs
  25 orcs
  4 bats
  7 endoplasms
  4 giant cockroaches
  15 goblins
  15 hobgoblins
  9 jackals
  4 quokkas
  4 ball pythons
  2 frilled lizards
  11 kobolds
  19 rats
223 creatures vanquished.

Vanquished Creatures (others)
  3 fungi (D:8)
  6 plants
9 creatures vanquished.

Grand Total: 232 creatures vanquished

Notes
Turn   | Place    | Note
-------+----------+-------------------------------------------
     0 | D:1      | Iusername the Minotaur Fighter began the quest for the Orb.
     0 | D:1      | Reached XP level 1. HP: 19/19 MP: 0/0
   446 | D:1      | Reached XP level 2. HP: 27/27 MP: 1/1
   689 | D:1      | Found a faded altar of an unknown god.
  1318 | D:2      | Reached XP level 3. HP: 33/33 MP: 2/2
  1967 | D:3      | Reached XP level 4. HP: 40/40 MP: 3/3
  2057 | D:3      | Noticed Terence
  2061 | D:3      | Killed Terence
  2339 | D:3      | Found a sacrificial altar of Ru.
  2350 | D:3      | Found a white marble altar of Elyvilon.
  2612 | D:3      | Noticed Robin
  2622 | D:3      | Reached XP level 5. HP: 23/46 MP: 4/4
  2632 | D:3      | Killed Robin
  3542 | D:4      | Reached skill level 1 in Maces & Flails
  3542 | D:4      | Reached skill level 1 in Dodging
  4258 | D:4      | Reached XP level 6. HP: 41/53 MP: 2/5
  4630 | D:4      | Reached skill level 5 in Armour
  5054 | D:5      | Entered Level 5 of the Dungeon
  5238 | D:5      | Found an opulent altar of Gozag.
  5437 | D:5      | Noticed Menkaure
  5444 | D:5      | Killed Menkaure
  5445 | D:5      | Reached XP level 7. HP: 14/60 MP: 0/6
  5893 | D:5      | Reached skill level 5 in Fighting
  6010 | D:5      | Noticed a wraith
  6023 | D:5      | Killed a wraith
  6695 | D:5      | Reached skill level 5 in Maces & Flails
  6695 | D:5      | Reached skill level 1 in Stealth
  6827 | D:6      | Reached skill level 5 in Shields
  6834 | D:6      | Reached XP level 8. HP: 25/69 MP: 2/7
  6838 | D:6      | Reached skill level 1 in Throwing
  7218 | D:6      | Found a one-way gate to the infinite horrors of the Abyss.
  7218 | D:6      | Noticed Qoitotus's ghost (novice NaFi)
  7219 | D:6      | Noticed an ancient zyme
  7279 | D:6      | Found a transporter.
  7280 | D:6      | Noticed a red devil
  7302 | D:6      | Found a transporter.
  7482 | D:6      | Found Hook's Hydra Hut.
  7484 | D:6      | Noticed a four-headed hydra
  7633 | D:6      | Found a staircase to the Ecumenical Temple.
  7652 | Temple   | Entered the Ecumenical Temple
  7652 | Temple   | Found a transporter.
  7652 | Temple   | Found a transporter.
  7654 | Temple   | Found a transporter.
  7654 | Temple   | Found a transporter.
  7666 | Temple   | Became a worshipper of Dithmenos the Shadowed
  8219 | D:7      | Reached XP level 9. HP: 75/75 MP: 8/8
  9000 | D:7      | Found Kizivvah's Tremendous Tomes.
  9167 | D:7      | Found a hazy altar of Hepliaklqana.
  9307 | D:7      | Found Gudom's Antique Weapon Boutique.
  9315 | D:7      | Bought a runed glaive for 275 gold pieces
  9769 | D:8      | Reached * piety under Dithmenos
 10314 | D:8      | Found a staircase to the Lair.
 10415 | D:8      | Found a runed translucent gate.
 10415 | D:8      | Found a runed translucent gate.
 10415 | D:8      | Found a runed translucent gate.
 10417 | D:8      | Noticed Tyegef's ghost (novice DECj)
 10438 | D:8      | Noticed Prince Ribbit
 10451 | D:8      | Killed Prince Ribbit
 11248 | D:9      | Reached XP level 10. HP: 72/86 MP: 9/9
 11248 | D:9      | Reached ** piety under Dithmenos
 11266 | D:9      | Reached skill level 10 in Maces & Flails
 11618 | D:9      | Identified the +9 plate armour of Zudoesusm {+Inv rElec rN+
                  | SInv}
 11731 | D:9      | Found a flagged portal.
 12364 | D:9      | Found a shimmering altar of Xom.
 12374 | D:9      | Noticed Harold
 12384 | D:9      | Killed Harold
 12879 | D:9      | Noticed an orange demon
 12880 | D:9      | Noticed Amaemon
 12954 | D:9      | Killed Amaemon
 12955 | D:9      | Reached skill level 10 in Armour
 12959 | D:9      | HP: 4/88 [orange demon[Amaemon] (4)]
 12964 | D:9      | Killed an orange demon
 14146 | D:9      | Noticed Maggie
 14161 | D:9      | Killed Maggie
 14920 | D:9      | Noticed a fire dragon
 14932 | D:9      | Gained mutation: You occasionally lose the ability to drink
                  | potions when taking damage. [potion of mutation]
 14932 | D:9      | Gained mutation: You are agile. (Dex +4, Str/Int -1)
                  | [potion of mutation]
 14932 | D:9      | HP: 3/90 [fire dragon (5)]
 14932 | D:9      | Slain by a fire dragon

Illustrated notes

Levels and vault maps discovered:
D:1:      evilmike_arrival_rings, layout_basic,
          hellmonk_ecumenical_altar_heavens_door
D:2:      layout_loops_ring
D:3:      kennysheep_goblin_castle, layout_basic, mainiacjoe_overflow_boulevard,
          nicolae_ru_path_of_blood, uniq_terence
D:4:      layout_loops_ring, minmay_rat_hole
D:5:      layout_basic, old_standard_altar, kennysheep_generic_room_12,
          uniq_menkaure
D:6:      layout_loops_ring, minmay_temple_entry_junction,
          gammafunk_ghost_abyssal_escape, chequers_serial_rivers_large_b,
          doesnt_shop_hydraphobe
D:7:      layout_basic, kennysheep_mini_moat, serial_shops,
          nicolae_stop_n_shop_1, hangedman_decor_opposing,
          nicolae_shop_i_like_big_books
D:8:      minmay_goldmine, layout_basic, grunt_lair_entry_orc_guard_hut,
          gammafunk_ghost_nasty_kobolds, uniq_prince_ribbit1, uniq_erica
D:9:      dragon1_lemuel, layout_stronghold, lemuel_crystal_altar,
          enter_bailey_1, minmay_tree_intersection, grunt_decor_cap,
          uniq_maggie, uniq_harold, uniq_amaemon
Temple:   hellmonk_temple_divided_pantheon

Skill      XL: |  1  2  3  4  5  6  7  8  9 10 |
---------------+-------------------------------+-----
Armour         | 4 5 6 8 9 10 | 10.5
Fighting       | 4 5 6 7 8 |  8.4
Polearms       | 3 4 |  4.9
Shields        | 4 5 6 7 |  7.7
Maces & Flails | 2 4 5 7 9 10 | 10.9
Dodging        | 1 2 3 4 |  4.7
Stealth        | 1 2 |  2.6
Throwing       | 1 |  1.5
Evocations     | |  0.7

Action                   |  1- 3 |  4- 6 |  7- 9 | 10-12 || total
-------------------------+-------+-------+-------+-------++-------
Melee: Trident           |    74 |    61 |       |       ||   135
       Headbutt          |     7 |    16 |    34 |    22 ||    79
       Mace              |       |    56 |       |       ||    56
       Flail             |       |    35 |   216 |   105 ||   356
Throw: Javelin           |       |     5 |       |     3 ||     8
Evoke: Wand              |       |       |       |     9 ||     9
  Use: Potion            |       |     3 |     7 |     6 ||    16
       Scroll            |       |     5 |     9 |     1 ||    15
 Stab: Distracted        |       |       |     1 |       ||     1
Armor: Scale mail        |    19 |    86 |   124 |    71 ||   300
Dodge: Dodged            |    26 |    76 |   157 |    76 ||   335
Block: Buckler           |    15 |    41 |    68 |    45 ||   169
